[Event "Early-Titled-Tuesday-Blitz-February-27-2024"]
[Site "Chess.com"]
[Date "2024.02.27"]
[Round "6"]
[White "starworld123"]
[Black "dropstoneDP"]
[Result "1-0"]
[WhiteElo "2848"]
[BlackElo "3019"]
[TimeControl "180+1"]
[EndTime "9:06:21 PST"]
[Termination "starworld123 won on time"]

1. Nf3 Nf6 2. c4 c5 3. Nc3 e6 4.
d4 cxd4 5. Nxd4 d5 6. e3 Bc5 7. Be2 O-O 8. O-O Nc6 9. Nxc6 bxc6 10. b3 a5 11. Bb2 Ba6 12. Rc1 Be7 13. Na4 Ne4 14. Qc2 Bf6 15. Rfd1 Bxb2 16. Qxb2 Qe7 17. Bd3 Nf6 18. cxd5 cxd5 19. Bxa6 Rxa6 20. Rc2 Raa8 21. Rdc1 Rab8 22. Rc7 Qb4 23. Qc3 Ne4 24. Qxb4 axb4 25. R1c6 h5 26. f3 Nf6 27. Kf2 h4 28. g4 hxg3+ 29.
hxg3 g5 30. g4 Rfd8 31. Nc5 Ra8 32. Na6 d4 33. exd4 Rxd4 34. Rc8+ Rxc8 35. Rxc8+ Kg7 36.
Ke3 e5 37. Rc4 Nd5+ 38. Kf2 Rd2+ 39. Ke1 Rxa2 40. Nxb4 Ra1+ 41. Kd2 Nf4 42. Nd3 f6 43. b4 Ne6 44. b5 Nd4 45. b6 Ra2+ 46. Kd1 Ra1+ 47.
Rc1 Ra3 48. Rc7+ Kg6 49. Nc5 Ra1+ 50. Kd2 Nxf3+ 51. Kc3 Rb1 52. b7 Nd4 53. Kc4 Nb5 54. Rd7 Na3+ 55. Kd5 f5 56. gxf5+ Kxf5 57. Na6 Rd1+ 58.
Kc6 Rc1+ 59. Kd6 Rd1+ 60. Ke7 Rb1 61. b8=Q Rxb8 62. Nxb8 g4 63. Nc6 g3 64. Rd3 Kf4 65. Rxa3 g2 66. Ra1 e4 67. Nd4 Ke3 68. Nf5+ Kf2 69.
Ra2+ Kg1 70. Ne3 Kh1 71. Nxg2 1-0

[Event "Early-Titled-Tuesday-Blitz-February-27-2024"]
[Site "Chess.com"]
[Date "2024.02.27"]
[Round "6"]
[White "alexrustemov"]
[Black "arenal72"]
[Result "1/2-1/2"]
[WhiteElo "2838"]
[BlackElo "2602"]
[TimeControl "180+1"]
[EndTime "9:06:21 PST"]
[Termination "Game drawn by stalemate"]

1. d4 d6 2. Nf3 g6 3. c4 Bg7 4.
g3 e5 5. Nc3 exd4 6. Nxd4 Ne7 7. Bg2 O-O 8. O-O Nbc6 9. Nxc6 bxc6 10. Qd3 Rb8 11. b3 c5 12. Bf4 Bf5 13. Qd2 Qd7 14.
Bh6 Bh3 15. Bxg7 Kxg7 16. Ne4 Bxg2 17. Kxg2 Qc6 18. f3 Nf5 19. Qc3+ f6 20. Rad1 Rbe8 21.
g4 Rxe4 22. gxf5 Rxe2+ 23. Rf2 Rfe8 24. Rd2 R2e3 25. Qc2 R8e5 26. fxg6 hxg6 27. h4 Rf5 28. Qd1 Qe8 29. Rd3 Qe5 30. Rxe3 Qxe3 31. Qd2 Qxd2 32. Rxd2 Re5 33. Kg3 Kf7 34. Kf4 Re1 35. Rh2 Re5 36. a3 a5 37. Rb2 Re1 38. Kg4 Ra1 39. a4 Re1 40. Kg3 Ke6 41. Kf4 Kf7 42. Kg3 Kg7 43.
Kg4 Kh6 44. Rd2 Re3 45. Rb2 f5+ 46. Kf4 Re1 47. Kg3 Kh5 48. Kf4 Rh1 49. Re2 Rxh4+ 50. Kg3 Rd4 51. Re7 Rd3 52. Kf4 g5+ 53. Kxf5 Rxf3+ 54. Ke4 Rxb3 55. Rxc7 g4 56. Rg7 Kh4 57. Kd5 Rd3+ 58.
Kc6 g3 59. Kb5 Rd4 60. Kxa5 Rg4 61. Rh7+ Kg5 62. Rh1 Rxc4 63. Ra1 Rb4 64. Ka6 Kf4 65. a5 g2 66. Ka7 c4 67. a6 d5 68. Ka8 d4 69. a7 d3 70. Rg1 Rb2 71. Rf1+ Ke4 72. Rf4+ Kd5 73. Rd4+ Ke5 74. Re4+ Kd5 75. Rd4+ Kxd4 1/2-1/2

[Event "Early-Titled-Tuesday-Blitz-February-27-2024"]
[Site "Chess.com"]
[Date "2024.02.27"]
[Round "6"]
[White "urano56"]
[Black "JonasEilenberg"]
[Result "0-1"]
[WhiteElo "2331"]
[BlackElo "2558"]
[TimeControl "180+1"]
[EndTime "9:06:24 PST"]
[Termination "JonasEilenberg won by resignation"]

1. e4 c5 2. Nf3 Nc6 3. d4 cxd4 4. Nxd4 e5 5. Nb5 d6 6. N1c3 a6 7. Na3 Be6 8. Nd5 Nf6 9. Bg5 Qa5+ 10. Bd2 Qd8 11.
Bg5 Bxd5 12. Bxf6 Qxf6 13. Qxd5 Be7 14. c3 O-O 15. Be2 Rac8 16. O-O Rfd8 17. Rad1 b5 18.
Nc2 Qe6 19. Ne3 Bg5 20. Bg4 Qxd5 21. exd5 Ne7 22. Bxc8 Rxc8 23. g3 g6 24. Kg2 f5 25.
f4 Bh6 26. Rfe1 e4 27. Nc2 Bg7 28. a4 bxa4 29. Rd2 Rb8 30. Ne3 a3 31. bxa3 Bxc3 32. Red1 Bxd2 33. Rxd2 Rc8 34. Kf2 Rc3 35. a4 Kf7 36.
Rb2 Rc5 37. Rb7 Kf6 38. Rd7 Nc8 39. Rxh7 Nb6 40. Ra7 Nxd5 41. Nxd5+ Rxd5 42. Rxa6 Rd2+ 43. Ke3 Rd3+ 44. Ke2 Ke6 45. Ra8 Ra3 46. a5 Ra2+ 47. Ke3 Ra3+ 48. Ke2 Kd5 49. Rg8 Kd4 50. Rxg6 Ra2+ 51.
Kf1 d5 52. h4 Ke3 53. h5 Rxa5 54. h6 Ra2 55. Kg1 Ra8 56. h7 Rh8 57. Rg7 d4 58. g4 d3 59. g5 d2 60. Rd7 Rxh7 61. Rd8 Kxf4 62. Rxd2 Kxg5 63. Rd8 Kf4 64. Kf2 Rh2+ 65. Kg1 Ra2 66. Rd1 Kg3 67. Rf1 f4 68. Kh1 f3 69.
Rg1+ Kh3 70. Rf1 Kg4 71. Rg1+ Kf4 72. Rg8 Ra1+ 73. Kh2 f2 74. Rf8+ Ke3 75. Kg2 Rg1+ 76. Kh2 f1=Q 77. Rf3+ Qxf3 78. Kxg1 Qe2 0-1

[Event "Early-Titled-Tuesday-Blitz-February-27-2024"]
[Site "Chess.com"]
[Date "2024.02.27"]
[Round "6"]
[White "Brahianzevich"]
[Black "FernandoArauzAlonso"]
[Result "1-0"]
[WhiteElo "2499"]
[BlackElo "2638"]
[TimeControl "180+1"]
[EndTime "9:06:25 PST"]
[Termination "Brahianzevich won on time"]

1. e4 c5 2. Nf3 g6 3. d4 cxd4 4. Nxd4 Bg7 5. Nc3 Nc6 6. Nde2 Nf6 7. g3 O-O 8. Bg2 d6 9. O-O Bg4 10. h3 Bxe2 11. Qxe2 Rc8 12. Rd1 Ne5 13. a4 Nc4 14. Rd4 Nb6 15. a5 Nbd7 16. Rb4 Qc7 17. Be3 Nc5 18. e5 dxe5 19. Bxc5 Qxc5 20. Rxb7 Rc7 21. a6 e4 22. Nxe4 Nxe4 23. Qxe4 Qxc2 24. Qxc2 Rxc2 25. Rxa7 Bd4 26. Rxe7 Rxf2 27. Kh1 Rxb2 28.
Rd1 Bc5 29. Rc7 Bb6 30. Rb7 Ra8 31. Rxb6 Rxb6 32. Bxa8 Rxa6 33. Bd5 Rf6 34. Kg2 h6 35. g4 g5 36. Be4 Kg7 37. Rd7 Rf4 38. Bd5 Rf6 39.
Kg3 Rf4 40. Be6 Rf6 41. Bf5 Kf8 42.
h4 Kg7 43. hxg5 hxg5 44. Be4 Rf4 45. Bd5 Rf6 46. Bc4 Rf4 47. Bb3 Rf1 48. Rd5 Kh6 49. Rd6+ Kg7 50. Rd7 Rf4 51. Rd5 Kh6 52. Bc2 Rf1 53. Bd3 Rf4 54. Rf5 Rd4 55. Be2 Rd7 56.
Bc4 Kg6 57. Bb3 Rd3+ 58. Rf3 Rd7 59. Bc2+ Kg7 60. Rf5 Kh6 61. Rf6+ Kg7 62. Rc6 Rd2 63. Be4 Rd4 64. Kf3 Rd1 65. Rc7 Rf1+ 66. Kg3 Rf4 67. Bf5 Rf1 68. Kg2 Rf4 69. Rc5 Rd4 70. Bc2 Rd2+ 71.
Kf3 Kh6 72. Rc6+ Kg7 73. Rc7 Rd4 74. Be4 Rd1 75. Kg3 Rf1 76. Bf3 Re1 77. Bd5 1-0

[Event "Early-Titled-Tuesday-Blitz-February-27-2024"]
[Site "Chess.com"]
[Date "2024.02.27"]
[Round "6"]
[White "ritanovikova"]
[Black "LeoLV10"]
[Result "0-1"]
[WhiteElo "2241"]
[BlackElo "2478"]
[TimeControl "180+1"]
[EndTime "9:06:31 PST"]
[Termination "LeoLV10 won on time"]

1. e4 c6 2. d4 d5 3. Nd2 dxe4 4. Nxe4 Nf6 5. Nxf6+ exf6 6. Nf3 Bd6 7. Be2 O-O 8. Be3 Re8 9. O-O Nd7 10. c4 Nf8 11.
Qd2 Be6 12. Rad1 Qd7 13. d5 cxd5 14. cxd5 Bf5 15. Nd4 a6 16. Nxf5 Qxf5 17. Bd3 Qe5 18. g3 Qh5 19. Be2 Qf5 20. Bd3 Qd7 21. Bf4 Bc5 22.
b4 Bb6 23. Bc2 Ng6 24. Bxg6 hxg6 25. h4 Rac8 26. Rc1 Rcd8 27. Rfd1 Re4 28. a3 Rd4 29. Qa2 Rxd5 30. Rxd5 Qxd5 31. Qxd5 Rxd5 32. Rc8+ Kh7 33. Rb8 Rd7 34. Kf1 Bd8 35. Ke2 g5 36. hxg5 fxg5 37.
Be3 Kg6 38. g4 Kf6 39. Rc8 Ke6 40. Rc5 f6 41. f4 gxf4 42. Bxf4 g5 43. Bg3 Bb6 44.
Rc8 Bd4 45. Re8+ Kf7 46. Rc8 Bb2 47. a4 Ke6 48. Ke3 Bd4+ 49. Ke4 Bb6 50. Rc4 Rd2 51.
Bc7 Bg1 52. b5 axb5 53. axb5 Rb2 54. Rc1 Bf2 55. Kf3 Bd4 56. Rc4 Kd5 57. Ra4 Rxb5 58. Ra8 Be5 59. Bd8 Ke6 60. Ba5 Rb3+ 61. Ke2 b5 62.
Bd2 Rh3 63. Be3 Kd5 64. Rd8+ Kc4 65. Rc8+ Kb3 66. Kd3 Bf4 67. Rc3+ Ka4 68. Kd4 Rxe3 69. Rxe3 Bxe3+ 70. Kxe3 b4 71. Kd2 b3 72. Kc1 Ka3 73.
Kb1 Kb4 0-1

[Event "Early-Titled-Tuesday-Blitz-February-27-2024"]
[Site "Chess.com"]
[Date "2024.02.27"]
[Round "6"]
[White "MikeSailer"]
[Black "TioCridineno"]
[Result "1-0"]
[WhiteElo "2179"]
[BlackElo "2400"]
[TimeControl "180+1"]
[EndTime "9:06:33 PST"]
[Termination "MikeSailer won by checkmate"]

1. d4 Nf6 2. Bf4 d5 3. e3 c5 4. Nc3 Nc6 5. Nf3 Bg4 6. Be2 e6 7. h3 Bh5 8. O-O Be7 9. Ne5 Bg6 10. Bb5 Rc8 11. Nxc6 bxc6 12. Ba6 O-O 13. Bxc8 Qxc8 14.
dxc5 Bxc5 15. Na4 Be7 16. c4 Qa6 17. cxd5 cxd5 18. Rc1 Ne4 19. Be5 h6 20. Bd4 Bd6 21. a3 Rd8 22. Nc5 Qb5 23. Nxe4 Bxe4 24. Qg4 e5 25. Rc8 Rxc8 26. Qxc8+ Kh7 27. Bc3 Bd3 28. Re1 Qb6 29. Qe8 f6 30. Qe6 d4 31. Bb4 Bxb4 32.
Qxb6 axb6 33. axb4 dxe3 34. Rxe3 Bc4 35. Rc3 Bd5 36.
f3 Kg6 37. Kf2 Kf5 38. Ke3 Ke6 39. Rc8 g6 40. Rb8 f5 41. Rxb6+ Kf7 42. Rb5 Ke6 43. Rc5 f4+ 44. Kd3 g5 45. b5 Kd6 46. Rc8 h5 47.
Rh8 g4 48. hxg4 hxg4 49. Rh6+ Kc5 50. Rh5 Kd6 51. fxg4 Bxg2 52. Rh6+ Kd5 53. b6 e4+ 54. Ke2 Bf3+ 55. Kf2 Bxg4 56. b7 e3+ 57. Ke1 f3 58.
b8=Q f2+ 59. Kf1 Ke4 60. Qb7+ Kf4 61. Qb4+ Kf3 62. Qb7+ Kg3 63. Re6 Bh3+ 64. Ke2 f1=Q+ 65. Kxe3 Qe1+ 66. Kd4 Qxe6 67. Qb3+ Kh4 68. Qxe6 Bxe6 69. b4 Bc8 70. Kc5 Kg5 71. b5 Kf6 72. b6 Ba6 73. b7 Be2 74. b8=Q Bg4 75. Qd6+ Kg5 76. Kd4 Kh4 77. Qf4 Kh5 78. Ke5 Bd1 79. Kf6 Bc2 80.
Qg5# 1-0

[Event "Early-Titled-Tuesday-Blitz-February-27-2024"]
[Site "Chess.com"]
[Date "2024.02.27"]
[Round "6"]
[White "GaiozNigalidze"]
[Black "dretch"]
[Result "1/2-1/2"]
[WhiteElo "2663"]
[BlackElo "2879"]
[TimeControl "180+1"]
[EndTime "9:06:37 PST"]
[Termination "Game drawn by repetition"]

1. d4 d5 2. Nf3 Nf6 3. g3 Bf5 4. Bg2 e6 5. O-O h6 6. c4 c6 7. cxd5 exd5 8. Nc3 Nbd7 9. Qb3 Qb6 10. Bf4 Be7 11.
Rfe1 O-O 12. Na4 Qxb3 13. axb3 Bc2 14. Nd2 g5 15. Rec1 Bf5 16. Be3 Ng4 17. Nf1 Nxe3 18. Nxe3 Be6 19. Nf1 f5 20. f4 Rac8 21. Nd2 g4 22.
Nc3 a6 23. e3 Rfe8 24. Kf2 Bb4 25. Ra4 c5 26. Ndb1 Nf6 27. Rd1 Bd7 28. Ra1 cxd4 29.
exd4 Kg7 30. Rd3 Bb5 31. Rd2 h5 32. Rd1 h4 33. Rd2 h3 34. Bh1 Kg6 35. Rd1 Re7 36. Rd2 Rce8 37. Na3 Bc6 38. Nc2 Bd6 39. Re2 Rxe2+ 40. Nxe2 Ne4+ 41. Bxe4 Rxe4 42. Nc3 Re8 43. Ne3 Rd8 44. Rc1 Be7 45. Na4 Bf6 46. Rd1 Bxa4 47.
bxa4 Rc8 48. Ke2 Re8 49. Kd3 Re4 50. Nc2 Re6 51. Re1 Rb6 52. Kc3 Rc6+ 53. Kd3 Kf7 54. b3 Rb6 55. b4 Rc6 56. Rb1 Rc4 57. Rb3 Ke6 58. Rc3 b5 59. axb5 axb5 60. Ra3 Rc6 61. Ra5 Rb6 62. Na3 Be7 63. Rxb5 Ra6 64. Nc2 Ra2 65.
Rb6+ Bd6 66. b5 Kd7 67. Rb7+ Kc8 68. Rh7 Rb2 69. b6 Rb3+ 70. Kd2 Rxb6 71. Rh5 Rb2 72. Rxf5 Bb4+ 73. Kd3 Rb3+ 74. Ke2 Rb2 75. Kd3 Rb3+ 76.
Ke2 Rb2 77. Kd3 1/2-1/2

[Event "Early-Titled-Tuesday-Blitz-February-27-2024"]
[Site "Chess.com"]
[Date "2024.02.27"]
[Round "6"]
[White "hakanazeri2"]
[Black "JoliyRoger"]
[Result "0-1"]
[WhiteElo "2595"]
[BlackElo "2435"]
[TimeControl "180+1"]
[EndTime "9:06:40 PST"]
[Termination "JoliyRoger won on time"]

1. Nf3 Nf6 2. c4 c5 3. Nc3 e6 4. g3 Nc6 5. Bg2 Be7 6. O-O O-O 7. d4 cxd4 8. Nxd4 Ne5 9. b3 d6 10. Bb2 a6 11. e4 Qc7 12. h3 Re8 13. f4 Ng6 14.
Rc1 Bf8 15. h4 e5 16. fxe5 Nxe5 17. Rxf6 gxf6 18. Nd5 Qd8 19. Nf5 Bxf5 20. exf5 Rc8 21. Nf4 b5 22. Bd5 bxc4 23. bxc4 Bh6 24. Kg2 Kh8 25. Qh5 Bxf4 26. gxf4 Rg8+ 27. Kh1 Qb6 28. Qh6 Qe3 29. Qxf6+ Rg7 30. Bg2 Qxf4 31. h5 Qg5 32. Qxg5 Rxg5 33. Rd1 Rxh5+ 34. Kg1 Rxf5 35. Rxd6 f6 36.
Rxa6 Rxc4 37. Rxf6 Rxf6 38. Bxe5 Kg7 39. Bd5 Rc1+ 40.
Kg2 Rc5 41. Bxf6+ Kxf6 42. Bb3 Rc3 43. Bd1 Rc1 44. Bb3 Rb1 45. Kh2 Kg5 46. Bc4 Rb2+ 47. Kg3 Rb4 48. Be2 h5 49. Bf3 h4+ 50. Kh2 Rb2+ 51. Kh1 Rxa2 52. Bg2 Ra1+ 53. Kh2 Ra2 54. Kh3 Ra3+ 55. Kh2 Kf4 56. Bf1 Re3 57. Kg2 Kg4 58.
Kh2 Re1 59. Bd3 Re3 60. Bb5 Kf4 61. Bd7 Kg5 62. Bc8 Rc3 63. Bd7 Rc2+ 64. Kh3 Rd2 65. Bc8 Kf4 66. Be6 Re2 67. Bd7 Re7 68. Bc8 Kg5 0-1

[Event "Early-Titled-Tuesday-Blitz-February-27-2024"]
[Site "Chess.com"]
[Date "2024.02.27"]
[Round "6"]
[White "PawnEatingZombie"]
[Black "sorch29"]
[Result "1-0"]
[WhiteElo "2175"]
[BlackElo "2397"]
[TimeControl "180+1"]
[EndTime "9:06:41 PST"]
[Termination "PawnEatingZombie won by checkmate"]

1. e4 c5 2. c3 Nf6 3. e5 Nd5 4. Nf3 Nc6 5. Bc4 Nb6 6. Bb3 d6 7. exd6 Qxd6 8. O-O c4 9. Bc2 Bg4 10. h3 Bh5 11. Re1 Rd8 12. a4 e6 13. a5 Nd5 14. Na3 Nxa5 15. Nb5 Qb6 16. Ba4 Nc6 17. Nbd4 Bc5 18. Bxc6+ bxc6 19. Qa4 O-O 20. Qxc6 Nf4 21. Qxb6 axb6 22. Ne5 Rd5 23. Nxc4 Nd3 24. Re3 Bxd4 25. cxd4 Rxd4 26. Ne5 Nxe5 27. Rxe5 Bg6 28. Rb5 Rc8 29. b3 h6 30. Ba3 Rxd2 31. Rxb6 Rd3 32.
Bd6 Kh7 33. b4 Be4 34. Bg3 Bd5 35. Ra7 Kg6 36. Rd6 Rc1+ 37. Kh2 Rb1 38. Rdd7 e5 39. Bxe5 Rxb4 40. Bg3 Rb6 41. Ra5 Bc4 42. Rxd3 Bxd3 43.
Rd5 Be4 44. Rd4 Bc6 45. f3 Ra6 46. Be5 Bb5 47. Bg3 f6 48. Bf4 Kh7 49. h4 Bd7 50.
Kg3 Be6 51. h5 Bf7 52. Kh4 Ra2 53. g4 Rf2 54. Kg3 Rf1 55. Kg2 Rb1 56. Kg3 Kg8 57.
Re4 Bd5 58. Re3 Kf7 59. Kg2 Rb5 60. Kg3 Be6 61. Kg2 Rb7 62. Kg3 Rd7 63. Kg2 f5 64. g5 hxg5 65. Bxg5 Rd5 66. f4 Rd2+ 67. Kg3 Rd1 68.
h6 gxh6 69. Bxh6 Rg1+ 70. Kf2 Rg6 71. Bg5 Rg8 72. Rc3 Re8 73. Rc7+ Kg6 74. Kg3 Bf7 75. Rc6+ Be6 76. Rc7 Bf7 77. Rc6+ Kg7 78. Rc7 Re3+ 79. Kf2 Rd3 80. Ke2 Ra3 81. Kf2 Kg6 82. Rc6+ Kh5 83.
Rh6+ Kg4 84. Rh4# 1-0

[Event "Early-Titled-Tuesday-Blitz-February-27-2024"]
[Site "Chess.com"]
[Date "2024.02.27"]
[Round "6"]
[White "vugarrasulov"]
[Black "wonderfultime"]
[Result "0-1"]
[WhiteElo "3010"]
[BlackElo "3099"]
[TimeControl "180+1"]
[EndTime "9:06:44 PST"]
[Termination "wonderfultime won by resignation"]

1. e4 e5 2. Nf3 Nc6 3. Bb5 a6 4. Ba4 Bc5 5. O-O Nge7 6. c3 Ng6 7. d4 Ba7 8. Bg5 f6 9. Be3 O-O 10. Nbd2 d6 11. Re1 Kh8 12. Nf1 Bg4 13. Bxc6 bxc6 14. h3 Be6 15. Ng3 c5 16. Qd2 cxd4 17. cxd4 c5 18. dxc5 Bxc5 19. Bxc5 dxc5 20. Qxd8 Rfxd8 21.
Rec1 c4 22. Ne2 Rab8 23. Rc2 h6 24. Rac1 Rd6 25. Nd2 Rdb6 26. Rb1 Kh7 27. f3 h5 28. Kf2 h4 29. Ke3 Kh6 30. f4 exf4+ 31. Nxf4 Nxf4 32. Kxf4 c3 33. Rxc3 Rxb2 34. Rxb2 Rxb2 35. Ke3 Rxa2 36. Rc6 Bd7 37. Rd6 Bb5 38. e5 Kg6 39. exf6 gxf6 40. Ne4 Kf5 41. Rd5+ Ke6 42. Rh5 Rxg2 43. Rxh4 Ke5 44.
Nc3 Rg3+ 45. Kd2 Rd3+ 46. Kc2 Rd8 47. Re4+ Kf5 48. Rb4 Be8 49. h4 a5 50. Rc4 Ke5 51.
Rc5+ Kf4 52. Rxa5 Kg4 53. Nd5 Rd6 54. Kc3 Kxh4 55. Ne7 Kg4 56. Ra8 Bf7 57. Rf8 Ba2 58. Kb2 Bc4 59. Kc3 Bd3 60. Ng8 f5 61. Nf6+ Kf3 62. Ne8 Rd8 63. Rf7 Rxe8 64. Kxd3 f4 65. Kd2 Kg3 66. Rg7+ Kf2 67. Rg6 f3 68. Rd6 Kf1 69.
Rg6 f2 70. Rg7 Rd8+ 71. Kc2 Rd5 72. Kc3 Ke2 73. Re7+ Kf3 74. Rf7+ Ke3 75. Rf8 Rd1 76.
Re8+ Kf3 77. Rf8+ Kg3 78. Rg8+ Kh4 79. Rh8+ Kg5 80. Rg8+ Kh6 81. Rf8 f1=Q 82. Rxf1 Rxf1 0-1

[Event "Early-Titled-Tuesday-Blitz-February-27-2024"]
[Site "Chess.com"]
[Date "2024.02.27"]
[Round "6"]
[White "chess94cu"]
[Black "Lion-Al-Messi"]
[Result "0-1"]
[WhiteElo "2677"]
[BlackElo "2535"]
[TimeControl "180+1"]
[EndTime "9:07:07 PST"]
[Termination "Lion-Al-Messi won by checkmate"]

1. Nf3 Nf6 2. c4 b6 3. Nc3 Bb7 4. d4 e6 5. a3 d5 6. Bg5 Be7 7. Bxf6 Bxf6 8. cxd5 exd5 9. g3 O-O 10. Bg2 Nd7 11. O-O c6 12. Rc1 a5 13. Re1 b5 14.
e3 Nb6 15. Ne2 Nc4 16. Qc2 b4 17. a4 Qd6 18. b3 Nb6 19. Nf4 g6 20. Nd3 Nd7 21. h4 Bg7 22. Bh3 Nf6 23. Nc5 Bc8 24. Bxc8 Raxc8 25. Nb7 Qc7 26. Nc5 Rfe8 27. Ne5 Bf8 28.
Ned3 h5 29. Kg2 Kg7 30. Qe2 Bd6 31. Qf3 Qe7 32. Rc2 Ng4 33. Nf4 Bb8 34. Rec1 Qf6 35. Ncd3 Red8 36. Ne2 Qe6 37. Nc5 Qe7 38. Nf4 Nf6 39.
Ncd3 Ne4 40. Rxc6 Rxc6 41. Rxc6 Nc3 42. Nc5 Bd6 43. Nxd5 Nxd5 44. Qxd5 Bxg3 45. Qe4 Bxh4 46. Ra6 Qg5+ 47. Kf1 Rd5 48. Ra7 Qf6 49. f4 Rf5 50.
Nd7 Qd6 51. Ne5 Qf8 52. Rxa5 Qc8 53. Qc6 Qd8 54. Ra7 Rf6 55. Qc4 Qe8 56. Qb5 Qe6 57.
Qd7 Qxb3 58. Qc8 Qd1+ 59. Kg2 Qe2+ 60. Kh1 Qf1+ 61. Kh2 Qf2+ 62. Kh1 Bg3 63. Qh3 Qe1+ 64. Kg2 Qf2+ 65. Kh1 h4 66. Qg2 Qe1+ 67. Qg1 Qe2 68. Qg2 Qxe3 69. Ng4 Qc1+ 70. Qg1 Qc6+ 71. Qg2 Qc1+ 72.
Qg1 Qxg1+ 73. Kxg1 Rxf4 74. Ne5 Rxd4 75. Rxf7+ Kg8 76.
Nf3 Rd1+ 77. Kg2 Kxf7 78. Ng5+ Ke7 79. Ne4 Re1 80. Nc5 b3 81. Nxb3 Re2+ 82. Kh3 Rh2+ 83. Kg4 Rb2 84. Nd4 Rb4 85. Kh3 Rxd4 86. a5 Ra4 87. a6 Rxa6 88. Kg2 Ra5 89. Kh3 g5 90. Kg4 Rb5 91. Kh3 Rb4 92. Kg2 g4 93. Kh1 Rb2 94. Kg1 h3 95. Kf1 Rf2+ 96. Kg1 h2+ 97. Kh1 Rf1+ 98. Kg2 h1=Q+ 99. Kxg3 Qh3# 0-1

[Event "Early-Titled-Tuesday-Blitz-February-27-2024"]
[Site "Chess.com"]
[Date "2024.02.27"]
[Round "6"]
[White "Boundless_Strike"]
[Black "Al_Shima"]
[Result "1-0"]
[WhiteElo "2620"]
[BlackElo "2417"]
[TimeControl "180+1"]
[EndTime "9:07:17 PST"]
[Termination "Boundless_Strike won on time"]

1. d4 Nf6 2. f3 d5 3. e4 dxe4 4.
Nc3 exf3 5. Nxf3 Bf5 6. Ne5 e6 7. g4 Be4 8. Nxe4 Nxe4 9. Qf3 Qh4+ 10. Kd1 Nd6 11. Bf4 Qd8 12. Kd2 Be7 13. Rd1 Bg5 14. h4 Bxf4+ 15. Qxf4 Nd7 16. Kc1 Qe7 17. g5 O-O-O 18. Bg2 Nxe5 19. Qxe5 Nf5 20. Be4 Nd6 21. Bd3 Kb8 22. Rhf1 g6 23. c4 Qd7 24. c5 Nf5 25. Bxf5 exf5 26. d5 Rhe8 27. Qg7 Re4 28. Kb1 Rc4 29. c6 bxc6 30. b3 Rc5 31. dxc6 Qxd1+ 32. Rxd1 Rxd1+ 33. Kb2 Rxc6 34. Qxf7 Rd2+ 35. Ka3 Ra6+ 36.
Kb4 Rb6+ 37. Kc3 Rdd6 38. Qxh7 Rbc6+ 39. Kb2 Rd2+ 40. Ka3 Ra6+ 41. Kb4 Rb6+ 42. Kc3 Rdd6 43. a4 a5 44. h5 Rbc6+ 45. Kb2 Rd2+ 46. Ka3 Rcc2 47. Qh8+ Kb7 48. Qa1 gxh5 49. g6 Rg2 50. Qh1 Ka7 51. Qb1 Rcf2 52. Qa1 h4 53. g7 h3 54. Qd4+ Kb7 55. Qd5+ Kb8 56. Qd8+ Kb7 57. Qd5+ Kb6 58. Qd4+ Kb7 59. Qxf2 Rxf2 60. g8=Q h2 61. Qd5+ Kb6 62. Qb5+ Ka7 63. Qxa5+ Kb8 64. Qb5+ Kc8 65.
Qe8+ Kb7 66. Qh5 f4 67. a5 f3 68. Ka4 Ra2+ 69. Kb5 f2 70. Qf3+ Kc8 71. Qh3+ Kb7 72. Qg2+ Ka7 73. Qf3 Ra1 74. Qxf2+ Kb8 75. Qxh2 Rc1 76. b4 Ka7 77. Qf2+ Kb7 78. Qf3+ c6+ 79.
Ka4 Ka6 80. Qe3 Ra1+ 81. Kb3 Rb1+ 82. Kc2 Rxb4 83. Qc5 Rb5 84. Qxc6+ Kxa5 85. Kc3 Rb6 86. Qc7 Ka6 87. Kc4 Rb7 88. Qc8 Ka7 89. Kc5 Rh7 90.
Qe6 Rh5+ 91. Kc6 Rh7 92. Qa2+ Kb8 93. Qb1+ 1-0

[Event "Early-Titled-Tuesday-Blitz-February-27-2024"]
[Site "Chess.com"]
[Date "2024.02.27"]
[Round "6"]
[White "ahkashefi2800"]
[Black "Zohid6"]
[Result "1/2-1/2"]
[WhiteElo "2603"]
[BlackElo "2858"]
[TimeControl "180+1"]
[EndTime "9:08:58 PST"]
[Termination "Game drawn by repetition"]

1. Nf3 Nf6 2. g3 d5 3. Bg2 Bg4 4. b3 c6 5. Bb2 Nbd7 6. O-O Bxf3 7. exf3 e6 8. f4 Bd6 9. Re1 O-O 10. d3 a5 11. a4 Rc8 12. Nd2 Qb6 13. Nf3 Bb4 14.
Re2 Rfd8 15. Ne5 Nxe5 16. Rxe5 c5 17. c3 c4 18. cxb4 c3 19. bxa5 Qd4 20. Ba3 c2 21. Qc1 Ng4 22. Re2 Qxd3 23. Rd2 Qxb3 24. h3 Nf6 25. Be7 Rd7 26. Bxf6 gxf6 27. Bf1 Rc3 28. Bb5 Rdc7 29. a6 bxa6 30. Bxa6 Ra7 31. Bb5 Qxb5 32.
Rxc2 Rxc2 33. Qxc2 Qa5 34. Qb2 Kg7 35. g4 Rd7 36.
Qd4 Qa7 37. Qxa7 Rxa7 38. a5 e5 39. a6 Kf8 40. Ra5 exf4 41. Kg2 d4 42. Kf3 d3 43. Ra3 Kg7 44. Kg2 d2 45. Rd3 Rxa6 46. Rxd2 Ra4 47. Rd5 Kg6 48. Rf5 Rb4 49. h4 h6 50.
h5+ Kg7 51. Kf3 Ra4 52. Rd5 Ra2 53. Rd4 Ra3+ 54. Kxf4 Ra2 55. Kg3 Ra8 56. f3 Ra1 57.
Rd5 Ra3 58. Kf4 Ra4+ 59. Kf5 Ra3 60. Kf4 Ra1 61. Rd6 Ra4+ 62. Kg3 Ra3 63. Rd5 Ra1 64. Rf5 Ra4 65. Rb5 Ra3 66. Rb4 Ra1 67. Kf4 Rf1 68.
Rb3 Ra1 69. Rb5 Ra4+ 70. Kf5 Ra3 71. f4 Ra1 72. Rd5 Rb1 73. Ra5 Rc1 74. Ra6 Rc5+ 75. Ke4 Rc4+ 76. Ke3 Rc3+ 77. Kf2 Rb3 78. Rd6 Ra3 79. Kg2 Ra4 80. Kg3 Ra3+ 81. Kh4 Rf3 82. Rd4 Ra3 83. g5 fxg5+ 84. Kg4 gxf4 85. Kxf4 Ra5 86. Kg4 Rg5+ 87. Kh4 Rg1 88. Rd6 Re1 89. Kg4 Re5 90. Ra6 Re6 91. Ra8 Re4+ 92. Kg3 Kf6 93. Ra5 Re5 94. Ra7 Rxh5 95. Kg4 Rg5+ 96. Kf4 Rf5+ 97.
Kg4 Rb5 98. Ra6+ Kg7 99. Ra4 Re5 100. Rb4 Kg6 101. Rb6+ f6 102. Rb4 h5+ 103. Kh4 Re6 104. Ra4 f5 105. Ra8 Re4+ 106. Kg3 h4+ 107. Kf3 Rb4 108. Rh8 Kg5 109. Rg8+ Kf6 110. Rf8+ Ke6 111. Rh8 Ra4 112. Re8+ Kf7 113. Rh8 Kg7 114. Rh5 Kg6 115. Rh8 Ra3+ 116. Kf4 Ra4+ 117. Kf3 Kg7 118. Rh5 Kf6 119. Rh8 Ra3+ 120. Kf4 Ra4+ 121. Kf3 Kg7 1/2-1/2

[Event "Early-Titled-Tuesday-Blitz-February-27-2024"]
[Site "Chess.com"]
[Date "2024.02.27"]
[Round "7"]
[White "chucksterf10"]
[Black "Keures"]
[Result "1-0"]
[WhiteElo "2562"]
[BlackElo "2378"]
[TimeControl "180+1"]
[EndTime "9:11:33 PST"]
[Termination "chucksterf10 won by checkmate"]

1. a3 f5 2. e4 g6 3. exf5 Nf6 4. fxg6 hxg6 5. Bd3 Rg8 6. Nf3 Nc6 7. b4 e5 8. b5 Nd4 9. Nxd4 exd4 10. O-O d6 11.
Re1+ Be7 12. Bb2 Bf5 13. Bxd4 Kd7 14. Bxf5+ gxf5 15. Qf3 Rg5 16. h4 Rh5 17. Bxf6 Bxf6 18. Qxh5 Bxa1 19. Qxf5# 1-0

[Event "Early-Titled-Tuesday-Blitz-February-27-2024"]
[Site "Chess.com"]
[Date "2024.02.27"]
[Round "7"]
[White "Iskusnyh"]
[Black "joksijoksi"]
[Result "1-0"]
[WhiteElo "2677"]
[BlackElo "2490"]
[TimeControl "180+1"]
[EndTime "9:11:43 PST"]
[Termination "Iskusnyh won by resignation"]

1. d4 Nf6 2. c4 g6 3. g3 Bg7 4. Bg2 O-O 5. Nc3 d6 6. Nf3 Nbd7 7. O-O c6 8. e4 Qa5 9. h3 Nb6 10. Qe2 Qh5 11. e5 dxe5 12. dxe5 Ne8 13. g4 Bxg4 14.
hxg4 Qxg4 15. b3 Nc7 16. Qe4 Qg5 17. Bxg5 1-0

[Event "Early-Titled-Tuesday-Blitz-February-27-2024"]
[Site "Chess.com"]
[Date "2024.02.27"]
[Round "7"]
[White "emeli_chess"]
[Black "RantomOpening"]
[Result "0-1"]
[WhiteElo "2441"]
[BlackElo "2593"]
[TimeControl "180+1"]
[EndTime "9:11:47 PST"]
[Termination "RantomOpening won by resignation"]

1. d4 d5 2. c4 e6 3. Nc3 Nf6 4.
cxd5 exd5 5. Bg5 c6 6. Qc2 Bd6 7. e3 O-O 8. Bd3 h6 9. Bh4 Re8 10. Nge2 a5 11. O-O Bxh2+ 12. Kh1 Bd6 13. Rae1 Na6 14. a3 Nc7 15. Bg3 Bxg3 16. Nxg3 Ng4 0-1

[Event "Early-Titled-Tuesday-Blitz-February-27-2024"]
[Site "Chess.com"]
[Date "2024.02.27"]
[Round "7"]
[White "secrethawk1"]
[Black "thebeast2900"]
[Result "0-1"]
[WhiteElo "2478"]
[BlackElo "2314"]
[TimeControl "180+1"]
[EndTime "9:12:02 PST"]
[Termination "thebeast2900 won by checkmate"]

1. Nf3 c5 2. g3 d5 3. Bg2 Nc6 4. d3 g6 5. Nbd2 Bg7 6. e4 e6 7. O-O Nge7 8. Re1 O-O 9. exd5 exd5 10. Nf1 h6 11. c3 Be6 12. h3 Qd7 13. Kh2 Rfe8 14.
Be3 b6 15. Qd2 Kh7 16. d4 Nf5 17. dxc5 Nxe3 18. Qxe3 Bf5 19. Qd2 bxc5 20. Rad1 Be4 21. Ne3 d4 22. cxd4 Nxd4 23. Nxd4 Bxg2 24. Nb3 Qxh3+ 25.
Kg1 Qh1# 0-1

[Event "Early-Titled-Tuesday-Blitz-February-27-2024"]
[Site "Chess.com"]
[Date "2024.02.27"]
[Round "7"]
[White "sotochess"]
[Black "Schachmalanders"]
[Result "1-0"]
[WhiteElo "2628"]
[BlackElo "2469"]
[TimeControl "180+1"]
[EndTime "9:12:17 PST"]
[Termination "sotochess won by checkmate"]

1. e4 e6 2. Qe2 c5 3. Nf3 Nc6 4. g3 Be7 5. Bg2 d5 6. d3 dxe4 7. dxe4 Nf6 8. e5 Nd5 9. O-O O-O 10. Rd1 Qc7 11. c4 Nb6 12. Nc3 a6 13.
Bf4 Nd4 14. Nxd4 cxd4 15. Rxd4 Bc5 16. Rdd1 Bd7 17. Ne4 Be7 18. Nf6+ gxf6 19. exf6 Qxc4 20. Qg4+ Kh8 21. Qg7# 1-0